 Dungeon Crawl Stone Soup version 0.20.1-1-g8b1a95d (webtiles) character file.

266 McKennaii the Conjurer (level 5, -1/39 HPs)
             Began as a Demigod Conjurer on Aug 26, 2017.
             Slain by an orc priest
             ... wielding a +3 antimagic hand axe
              (5 damage)
             ... on level 4 of the Dungeon.
             The game lasted 00:04:59 (3134 turns).

McKennaii the Conjurer (Demigod Conjurer)           Turns: 3134, Time: 00:05:00

Health: -1/39      AC:  4    Str: 11    XL:     5   Next: 67%
Magic:  0/13       EV: 13    Int: 21    God:
Gold:   224        SH:  0    Dex: 18    Spells: 5/10 levels left

rFire    . . .     SeeInvis .   (no weapon)
rCold    . . .     Gourm    .   (no shield)
rNeg     . . .     Faith    .   a - +0 robe
rPois    .         Spirit   .   (no helmet)
rElec    .         Reflect  .   (no cloak)
rCorr    .         Harm     .   (no gloves)
MR       +....                  (no boots)
Stlth    ++........             (no amulet)
Regen    0.2/turn               j - ring of protection from magic
MPRegen  0.2/turn               (no ring)

@: no status effects
A: molten scales 1, agile 1, high mp 1, sense surroundings 1
a: no special abilities


You were on level 4 of the Dungeon.
You were not hungry.

You visited 1 branch of the dungeon, and saw 4 of its levels.

You collected 224 gold pieces.

Inventory:

Armour
 a - a +0 robe (worn)
Jewellery
 j - a ring of protection from magic (left hand)
Scrolls
 d - 2 scrolls of teleportation {unknown}
 e - a scroll of recharging {unknown}
 l - a scroll of fog {unknown}
 m - a scroll of blinking {unknown}
 n - a scroll of fear {unknown}
 o - a scroll of remove curse {unknown}
 r - a scroll of amnesia {unknown}
 u - a scroll of immolation {unknown}
 y - a scroll of enchant armour {unknown}
Potions
 f - 3 potions of resistance {unknown}
 h - 3 potions of cancellation {unknown}
 i - a potion of invisibility {unknown}
 k - a potion of mutation
 q - a potion of heal wounds {unknown}
 t - a potion of ambrosia {unknown}
 v - a potion of brilliance {unknown}
 w - a potion of haste {unknown}
Books
 b - a book of Conjurations

   Spells                             Type                      Level
   a - Magic Dart                     Conjuration                  1
   b - Searing Ray                    Conjuration                  2
   c - Dazzling Spray                 Conjuration/Hexes            3
   d - Fulminant Prism                Conjuration/Hexes            4
   e - Force Lance                    Conjuration/Translocation    4
   f - Iskenderun's Mystic Blast      Conjuration                  4
Comestibles
 c - 3 bread rations
 p - 4 fruits
 s - 2 meat rations
 x - a royal jelly


   Skills:
 + Level 0.3 Fighting
 + Level 1.9 Dodging
 + Level 2.1 Stealth
 + Level 0.5 Unarmed Combat
 * Level 3.3 Spellcasting
 * Level 5.4 Conjurations


You had 5 spell levels left.
You knew the following spells:

 Your Spells              Type           Power        Failure   Level  Hunger
a - Magic Dart            Conj           ####         1%          1    None
b - Iskenderun's Mystic   Conj           ####....     13%         4    ####...


Dungeon Overview and Level Annotations

Branches:
Dungeon (4/15)
 Temple: D:4-7


Innate Abilities, Weirdness & Mutations

You have an increased reservoir of magic. (+10% MP)
You are partially covered in molten scales. (AC +2)
You are agile. (Dex +2)
You passively map a small area around you.


Message History

You feel better.
The orc priest hits you with an antimagic hand axe!
* * * LOW HITPOINT WARNING * * *
You feel better.
The orc priest hits you with an antimagic hand axe.
* * * LOW HITPOINT WARNING * * *
You feel better.
The orc priest hits you with an antimagic hand axe.
* * * LOW HITPOINT WARNING * * *
It was a potion of mutation.
You feel extremely strange.
Molten scales grow over part of your body.
You feel a strange attunement to the structure of the dungeons.
You feel agile.
The orc priest hits you with an antimagic hand axe.
* * * LOW HITPOINT WARNING * * *
You feel your power leaking away.
You barely miss the orc priest.
The orc priest is almost dead.
The orc priest hits you with an antimagic hand axe.
You die...

##...## #.##.##.#
......## ##.......#
.......##
##.##..####
........####......#
........'†.......##
........####...#)#
.......## ##.##o#
#.....## ####o#
##...## #@# ##'##
#.# #.# #.# #.# #.#
##.## #.# ##...##
#.# ......# #.#
.#...## ######.#
.##.#######......#


You could see an orc priest and an orc.

Vanquished Creatures
  3 orc wizards
  10 adders
  A worm (D:2)
  3 dart slugs
  A leopard gecko (D:3)
  7 orcs
  A giant cockroach (D:3)
  9 goblins
  6 hobgoblins
  3 jackals (D:2)
  10 kobolds
  A quokka (D:2)
  3 ball pythons
  11 bats
  4 frilled lizards
  A leopard gecko skeleton (D:4)
  10 rats
84 creatures vanquished.

Notes
Turn   | Place    | Note
-------+----------+-------------------------------------------
     0 | D:1      | McKennaii the Demigod Conjurer began the quest for the Orb.
     0 | D:1      | Reached XP level 1. HP: 14/14 MP: 5/5
   171 | D:1      | Reached skill level 4 in Conjurations
   196 | D:1      | Reached XP level 2. HP: 15/20 MP: 1/7
   980 | D:2      | Found a shimmering altar of Xom.
  1220 | D:2      | Reached XP level 3. HP: 26/26 MP: 3/8
  1536 | D:2      | Found a hazy altar of Hepliaklqana.
  1725 | D:2      | Reached XP level 4. HP: 33/33 MP: 4/10
  1792 | D:2      | Learned a level 4 spell: Iskenderun's Mystic Blast
  2132 | D:3      | Reached skill level 5 in Conjurations
  2170 | D:3      | Found a snail-covered altar of Cheibriados.
  2223 | D:3      | Found a sacrificial altar of Ru.
  2232 | D:3      | Reached XP level 5. HP: 18/39 MP: 1/12
  2438 | D:3      | Found a faded altar of an unknown god.
  3126 | D:4      | HP: 1/39 [orc priest/antimagic hand axe (8)]
  3133 | D:4      | Gained mutation: You are partially covered in molten scales. (AC +2) [potion of mutation]
  3133 | D:4      | Gained mutation: You passively map a small area around you. [potion of mutation]
  3133 | D:4      | Gained mutation: You are agile. (Dex +2) [potion of mutation]
  3134 | D:4      | Slain by an orc priest

Skill      XL: |  1  2  3  4  5 |
---------------+----------------+-----
Conjurations   | 4 5 |  5.4
Spellcasting   | 2 3 |  3.3
Stealth        | 2 |  2.1
Fighting       | |  0.3
Dodging        | |  1.9
Unarmed Combat | |  0.5

Action                   |  1- 3 |  4- 6 || total
-------------------------+-------+-------++-------
Melee: Unarmed           |     9 |    17 ||    26
 Cast: Magic Dart        |    86 |   101 ||   187
  Use: Potion            |       |     5 ||     5
  Eat: Chunk             |     3 |     4 ||     7
Armor: Robe              |    12 |       ||    12
Dodge: Dodged            |    17 |     9 ||    26
